 Dungeon Crawl Stone Soup version 0.31.0-12-g77e489cdc1 (webtiles) character file.

Game seed: 11506553448825783437

8744 Doomgape the Mimic (level 11, 0/109 HPs)
             Began as a Troll Shapeshifter on Feb 18, 2024.
             Was a Priest of Makhleb.
             Killed from afar by a deep elf pyromancer (43 damage)
             ... with a bolt of fire
             ... on level 8 of the Dungeon.
             The game lasted 00:21:58 (6288 turns).

Doomgape the Mimic (Troll Shapeshifter)             Turns: 6288, Time: 00:21:59

Health: 0/109      AC:  5    Str: 28    XL:     11   Next: 13%
Magic:  10/10      EV: 10    Int:  6    God:    Makhleb [***...]
Gold:   419        SH:  0    Dex:  9    Spells: 10/10 levels left

rFire   x .          .
                       - Unarmed
rCold   . . .        (no shield)
rNeg    . . .        a - +1 animal skin
rPois   +            (helmet currently unavailable)
rElec   +            (cloak currently unavailable)
rCorr   +            (gloves unavailable)
SInv    +            (boots unavailable)
Will    .....        (no amulet)
Stlth   +            h - ring of resist corrosion
HPRegen 1.18/turn    A - ring "Forget-Me-Not" {Fly rElec rPois rF- SInv}
MPRegen 0.12/turn

%: no passive effects
@: on fire, beast-form, flying, glowing
A: beast (slay +4), large, unfitting armour, claws 3, regeneration 1, shaggy fur
1, tough skin 1
a: Begin Untransformation, Renounce Religion, Minor Destruction, Lesser Servant
of Makhleb


You were on level 8 of the Dungeon.
You worshipped Makhleb.
Makhleb was most pleased with you.
You were a hulking beast.
You visited 2 branches of the dungeon, and saw 9 of its levels.
You also visited: Bailey.

You collected 419 gold pieces.

Inventory:

Missiles
 e - 5 silver javelins (quivered)
Armour
 a - a +1 animal skin (worn)
 i - a scarf of repulsion
Jewellery
 h - a ring of resist corrosion (left claw)
 q - a ring of ice
 t - a ring of see invisible
 A - the ring "Forget-Me-Not" (right claw) {Fly rElec rPois rF- SInv}
   (You found it in a bailey)

   [ring of flight]

   rF-:       It makes you vulnerable to fire.
   rElec:     It insulates you from electricity.
   rPois:     It protects you from poison SInv: It lets you see invisible.
   Fly:       It grants you flight.
Talismans
 c - a beast talisman
 d - a flux talisman
Wands
 v - a wand of charming (4)
 w - a wand of polymorph (9)
 z - a wand of roots (18)
Scrolls
 g - a scroll of immolation
 m - a scroll of identify
 n - 3 scrolls of teleportation
 o - 4 scrolls of enchant armour
 x - 4 scrolls of summoning
Potions
 b - 3 potions of lignification
 f - a potion of mutation
 j - a potion of degeneration {unknown}
 k - a potion of heal wounds
 l - a potion of enlightenment
 p - a potion of resistance {unknown}
 s - a potion of cancellation {unknown}
 u - a potion of haste
Miscellaneous
 C - a box of beasts


   Skills:
 + Level 7.2 Fighting
 + Level 3.0 Dodging
 + Level 9.1 Unarmed Combat
 - Level 12.2 Shapeshifting


You had 10 spell levels left.
You didn't know any spells.
Your spell library contained the following spells:

 Spells                   Type           Power      Damage    Failure   Level
 Shock                    Conj/Air       0%         1d3       45%         1
 Blink                    Tloc           0%         N/A       58%         2
 Ensorcelled Hibernation  Hex/Ice        0%         N/A       58%         2
 Lesser Beckoning         Tloc           0%         N/A       58%         2
 Momentum Strike          Conj/Tloc      0%         3d8       58%         2
 Fugue of the Fallen      Necr           0%         N/A       83%         3
 Swiftness                Air            0%         N/A       83%         3
 Airstrike                Air            0%         2d(0-16)  99%         4
 Anguish                  Hex/Necr       0%         N/A       99%         4
 Cause Fear               Hex            0%         N/A       99%         4
 Fireball                 Conj/Fire      0%         3d3       100%        5
 Dragon's Call            Summ           0%         N/A       100%        9


Dungeon Overview and Level Annotations

Branches:
Dungeon (8/15)             Temple (1/1) D:5          Bailey (visited)
   Lair: D:8-11

Altars:
Ashenzari
Cheibriados
Dithmenos
Elyvilon
Fedhas
Hepliaklqana
Kikubaaqudgha
Makhleb
Nemelex Xobeh
Okawaru
Qazlal
Ru
Sif Muna
Trog
Uskayaw
Vehumet
Wu Jian
Xom
Yredelemnul
Zin
The Shining One

Shops:
D:3 (:

Annotations:
D:5 1 runed translucent door


Innate Abilities, Weirdness & Mutations

You are a hulking beast.
Your limbs bulge with bestial killing power. (Slay +4)
You are too large for most types of armour.
You have claws for hands.
Your natural rate of healing is unusually fast.
You are covered in fur. (AC +1)
You have tough skin. (AC +1)


Message History

Aiming: Fastroot
Press: ? - help, Shift-Dir - straight line, f - you
Okay, then.
The deep elf pyromancer shouts!
The deep elf pyromancer gestures wildly while chanting.
Aiming: Fastroot
Press: ? - help, Shift-Dir - straight line The roots erupt in riotous growth!
Roots grab the deep elf pyromancer.
The fire elemental is unaffected.
The grasping roots constrict the deep elf pyromancer.
You hear a shout!
The deep elf pyromancer escapes!
Unknown command.
The deep elf pyromancer casts a spell.
There is a large open door here.
The fire elemental hits you. The fire elemental burns you!
The fire burns you terribly!
The fire elemental disappears in a puff of smoke!
The fire elemental disappears in a puff of smoke!
The fire elemental disappears in a puff of smoke!
The deep elf pyromancer gestures at you while chanting.
The pyre arrow misses you.
There is a large open door here.
The deep elf pyromancer casts a spell at you.
The pyre arrow hits you.
You are covered in intense liquid fire!
You shake off some of the fire as you move.
The liquid fire burns you!
The deep elf pyromancer points at you and mumbles some strange words.
The bolt of fire hits you!!! The fire burns you terribly!
You shake off some of the fire as you move.
The liquid fire burns you!
The deep elf pyromancer barely misses you.
You scratch the deep elf pyromancer.
The deep elf pyromancer is lightly wounded.
The liquid fire burns you!
The deep elf pyromancer points at you and mumbles some strange words.
The bolt of fire hits you!!! The fire burns you terribly!
You die...

# ...°○E○☼.#
...#####○#
########## #☼#
##≈≈≈≈≈≈≈≈## #°###
#≈≈≈≈≈≈≈≈≈≈###...#
≈≈≈≈≈≈≈≈≈≈≈≈####.#
≈≈≈≈≈≈≈≈≈≈≈≈≈###.#
≈≈≈≈≈≈≈≈≈≈≈≈≈≈##e#
≈≈≈≈≈≈≈≈≈≈≈≈≈≈≈#h#
≈≈≈≈≈≈≈≈≈≈≈≈≈≈≈#.#
≈≈≈≈#..#≈≈≈≈≈≈≈#.#
.)...##[.......'.#
.....##........'.#
≈≈≈≈#..#≈≈≈≈≈≈≈###
≈≈≈≈≈≈≈≈≈≈≈≈≈≈≈#
≈≈≈≈≈≈≈≈≈≈≈≈≈≈≈#
≈≈≈≈≈≈≈≈≈≈≈≈≈≈##


You could see a deep elf pyromancer.

Vanquished Creatures
  An orc warlord (Bailey)
  Erica (D:8)
  A troll (D:8)
  Sigmund (D:4)
  5 yaks (D:8)
  2 orc warriors (Bailey)
  A sky beast (D:7)
  An ogre (D:4)
  3 black bears
  A centaur (D:8)
  2 kobold brigands (D:8)
  5 bullfrogs
  10 scorpions
  3 electric eels (D:8)
  6 howler monkeys
  3 bombardier beetles
  A jelly (D:7)
  4 hounds
  A gnoll bouda (D:4)
  Jessica (D:3)
  An iguana (D:6)
  Ijyb (D:5)
  2 orc wizards
  5 gnolls (D:4)
  11 adders
  2 shadow imps (D:7)
  A white imp (D:6)
  2 ribbon worms
  3 dart slugs
  15 orcs
  10 bats
  7 endoplasms
  5 giant cockroaches (D:5)
  13 goblins
  6 hobgoblins
  4 jackals
  19 kobolds
  2 quokkas (D:3)
  3 ball pythons
  4 frilled lizards
  4 rats
173 creatures vanquished.

Vanquished Creatures (collateral kills)
  2 orc warriors (Bailey)
  A gnoll (Bailey)
  An orc (Bailey)
  4 kobolds (Bailey)
8 creatures vanquished.

Vanquished Creatures (others)
  An orc knight (Bailey)
  A kobold (Bailey)
2 creatures vanquished.

Grand Total: 183 creatures vanquished

Notes
Turn   | Place    | Note
-------+----------+-------------------------------------------
     0 | D:1      | Doomgape the Troll Shapeshifter began the quest for the
                  | Orb.
     0 | D:1      | Reached XP level 1. HP: 18/18 MP: 0/0
    80 | D:1      | Reached skill level 1 in Fighting
   160 | D:1      | You fall into a shaft and drop 1 floor!
   195 | D:2      | Reached XP level 2. HP: 5/27 MP: 1/1
   470 | D:1      | Reached XP level 3. HP: 33/33 MP: 2/2
   947 | D:2      | Found a faded altar of an unknown god.
  1171 | D:2      | Reached XP level 4. HP: 42/42 MP: 3/3
  1564 | D:3      | Found a snail-covered altar of Cheibriados.
  1570 | D:3      | Found a burning altar of Makhleb.
  1590 | D:3      | Became a worshipper of Makhleb the Destroyer
  1712 | D:3      | Found Fionyny's Book Emporium.
  1748 | D:3      | Reached XP level 5. HP: 36/50 MP: 4/4
  1854 | D:3      | Reached skill level 4 in Shapeshifting
  1858 | D:3      | Found Muypocash's Antique Weapon Emporium.
  2022 | D:3      | Noticed Jessica
  2025 | D:3      | Killed Jessica
  2180 | D:3      | Reached XP level 6. HP: 58/59 MP: 5/5
  2191 | D:3      | Reached * piety under Makhleb
  2400 | D:4      | Found an ornate altar of the Wu Jian Council.
  2410 | D:4      | Found a bloodstained altar of Trog.
  2554 | D:4      | Noticed Sigmund
  2560 | D:4      | Killed Sigmund
  2561 | D:4      | Reached skill level 5 in Unarmed Combat
  2675 | D:4      | Found a hide-covered altar of Uskayaw.
  2804 | D:4      | Reached XP level 7. HP: 61/67 MP: 6/6
  2955 | D:4      | Reached skill level 5 in Shapeshifting
  3124 | D:5      | Entered Level 5 of the Dungeon
  3124 | D:5      | Found a staircase to the Ecumenical Temple.
  3150 | Temple   | Entered the Ecumenical Temple
  3693 | D:5      | Noticed Ijyb
  3705 | D:5      | Killed Ijyb
  3723 | D:5      | Found a runed translucent door.
  3724 | D:5      | Found a runed translucent door.
  3764 | D:5      | Reached XP level 8. HP: 69/79 MP: 7/7
  3777 | D:5      | Reached skill level 6 in Shapeshifting
  4236 | D:6      | Reached skill level 5 in Fighting
  4245 | D:6      | Reached ** piety under Makhleb
  4858 | D:7      | Found a flagged portal.
  4879 | Bailey   | Entered a bailey
  4894 | Bailey   | Noticed an orc warlord
  4903 | Bailey   | Reached XP level 9. HP: 89/89 MP: 8/8
  4923 | Bailey   | Reached skill level 7 in Shapeshifting
  4937 | Bailey   | Found a runed translucent gate.
  4939 | Bailey   | Found a runed translucent gate.
  4944 | Bailey   | Noticed an orc knight
  4957 | Bailey   | Found a runed translucent gate.
  4994 | Bailey   | HP: 4/89 [orc warlord/+6 broad axe (33)]
  4997 | Bailey   | Killed an orc warlord
  5067 | Bailey   | Identified the ring "Forget-Me-Not" {Fly rElec rPois rF-
                  | SInv}
  5486 | D:7      | Reached skill level 12 in Shapeshifting
  5486 | D:7      | Reached XP level 10. HP: 100/100 MP: 9/9
  5661 | D:8      | HP: 4/100 [yak (12)]
  5838 | D:8      | Reached *** piety under Makhleb
  5904 | D:8      | Reached XP level 11. HP: 90/109 MP: 10/10
  5997 | D:8      | Noticed Erica
  6014 | D:8      | Killed Erica
  6242 | D:8      | Noticed a deep elf pyromancer
  6288 | D:8      | Killed from afar by a deep elf pyromancer

Illustrated notes

Levels and vault maps discovered:
D:1:      ncdulo_halloftheorcs, layout_loops_ring, serial_forest,
          infiniplex_forest_clump_medium, infiniplex_forest_straight_1,
          infiniplex_forest_clump_large, infiniplex_forest_straight_2,
          infiniplex_forest_corner_2, minmay_tetromino_s4
D:2:      layout_basic, ebering_ecumenical_altar_box
D:3:      minmay_chambers_of_threes, layout_basic, minitemple, serial_shops,
          nicolae_shop_getting_attention, shop, uniq_jessica
D:4:      layout_loops_cross, mainiacjoe_overflow_surrounded_room,
          lemuel_doored_altar, lemuel_crystal_altar, uniq_sigmund
D:5:      lemuel_insect_pit, layout_basic, minmay_temple_entry_offerings,
          nicolae_titane, uniq_ijyb
D:6:      layout_loops_ring
D:7:      layout_rooms, enter_bailey_3
D:8:      kennysheep_big_flooded_room, layout_basic, uniq_erica
Temple:   compressed_dpeg_triangle_lava_temple

Skill      XL: |  1  2  3  4  5  6  7  8  9 10 11 |
---------------+----------------------------------+-----
Fighting       | 1 2 3 4 5 6 7 |  7.2
Unarmed Combat | 4 5 6 7 8 9 |  9.1
Shapeshifting  | 4 5 6 12 | 12.2
Dodging        | 2 3 |  3.0

Action                     |  1- 3 |  4- 6 |  7- 9 | 10-12 || total
---------------------------+-------+-------+-------+-------++-------
  Melee: Unarmed           |   195 |   122 |   159 |    87 ||   563
         Punch             |     6 |     2 |    12 |       ||    20
 Invoke: Minor Destruction |       |       |       |     1 ||     1
  Evoke: Wand              |       |       |     6 |     2 ||     8
    Use: Scroll            |     3 |       |    13 |     2 ||    18
         Potion            |       |       |     4 |     5 ||     9
   Stab: Sleeping          |     1 |       |       |       ||     1
         Confused          |       |       |     1 |       ||     1
 Armour: Animal skin       |    73 |    92 |    84 |    79 ||   328
  Dodge: Dodged            |    35 |    35 |    55 |    42 ||   167
